TOP OF THE 1ST |
University of Miami Hurricanes batting - Pitching for California State University at Fullerton Titans : RHP John Woods
|
Pitching: RHP John Woods
|
|
Batting: RHB C.J. Fleet
|
0-0: Called Strike 0-1: Ball 1-1: Foul Ball, location: 2F 1-2: Ball 2-2: Fly out, F8 (Flyball, 8RM, EV 87.5 MPH)
|
Batting: RHB Sam Costello
|
0-0: Ball 1-0: Ground out 6-3 (Groundball, 6, EV 82.5 MPH)
|
Batting: LHB Addergoole Kartosuwiryo
|
0-0: Called Strike 0-1: Ball 1-1: Ball 2-1: Ball 3-1: Foul Ball, location: 2F 3-2: Ground out 4-3 (Groundball, 4M, EV 83.8 MPH)
|
Top of the 1st over - 0 runs, 0 hits, 0 errors, 0 left on base; University of Miami 0 - California State University at Fullerton 0 |
BOTTOM OF THE 1ST |
California State University at Fullerton Titans batting - Pitching for University of Miami Hurricanes : LHP Oscar Chavez
|
Pitching: LHP Oscar Chavez
|
|
Batting: LHB Steve Lane
|
0-0: Swinging Strike 0-1: Ball 1-1: Foul Ball, location: 2F 1-2: Ball 2-2: Strikes out looking
|
Batting: RHB Sergio Cervantes
|
0-0: Called Strike 0-1: Fly out, F6 (Line Drive, 6M, EV 65.0 MPH)
|
Batting: RHB Joe McKinzie
|
0-0: Foul Ball, location: 2F 0-1: Ball 1-1: Foul Ball, location: 2F 1-2: Ground out 4-3 (Groundball, 4M, EV 88.1 MPH)
|
Bottom of the 1st over - 0 runs, 0 hits, 0 errors, 0 left on base; University of Miami 0 - California State University at Fullerton 0 |
TOP OF THE 2ND |
University of Miami Hurricanes batting - Pitching for California State University at Fullerton Titans : RHP John Woods
|
Batting: RHB Chris Zubia
|
0-0: Called Strike 0-1: Ball 1-1: Swinging Strike 1-2: Ball 2-2: Ball 3-2: Foul Ball, location: 2F 3-2: Ground out 6-3 (Groundball, 6, EV 79.4 MPH)
|
Batting: RHB Luis Sanchez
|
0-0: Called Strike 0-1: Ball 1-1: Ball 2-1: Ball 3-1: Foul Ball, location: 2F 3-2: Base on Balls
|
Batting: SHB Taylor Shelton
|
0-0: Ball 1-0: Ball 2-0: Called Strike 2-1: Foul Ball, location: 2F 2-2: SINGLE (Groundball, 6D, EV 99.4 MPH) Luis Sanchez to second
|
Batting: LHB Dennis Jones
|
0-0: Called Strike 0-1: Ball 1-1: Ball 2-1: Ball 3-1: Grounds into double play, 4-6-3 (Groundball, 4, EV 88.1 MPH)
|
Top of the 2nd over - 0 runs, 1 hit, 0 errors, 1 left on base; University of Miami 0 - California State University at Fullerton 0 |
BOTTOM OF THE 2ND |
California State University at Fullerton Titans batting - Pitching for University of Miami Hurricanes : LHP Oscar Chavez
|
Batting: LHB John Blumberg
|
0-0: Called Strike 0-1: Ball 1-1: Ball 2-1: Called Strike 2-2: Foul Ball, location: 2F 2-2: Foul Ball, location: 2F 2-2: Strikes out looking
|
Batting: LHB B.J. Ferguson
|
0-0: Ball 1-0: Called Strike 1-1: Ball 2-1: Foul Ball, location: 2F 2-2: Foul Ball, location: 2F 2-2: Ground out U3 (Groundball, 13, EV 85.6 MPH)
|
Batting: RHB Simon Sultzbach
|
0-0: Called Strike 0-1: Ball 1-1: Ball 2-1: Ball 3-1: Base on Balls
|
Batting: RHB Alex Freyre
|
0-0: Ball 1-0: Ball 2-0: Ball 3-0: Called Strike 3-1: Foul Ball, location: 2F 3-2: Ground out 4-3 (Groundball, 4, EV 93.8 MPH)
|
Bottom of the 2nd over - 0 runs, 0 hits, 0 errors, 1 left on base; University of Miami 0 - California State University at Fullerton 0 |
TOP OF THE 3RD |
University of Miami Hurricanes batting - Pitching for California State University at Fullerton Titans : RHP John Woods
|
Batting: LHB Jose Lopez
|
0-0: Ground out 6-3 (Groundball, 6M, EV 78.1 MPH)
|
Batting: LHB Juan Zuniga
|
0-0: Foul Ball, location: 2F 0-1: Called Strike 0-2: Strikes out swinging
|
Batting: RHB C.J. Fleet
|
0-0: Called Strike 0-1: Foul Ball, location: 2F 0-2: Foul Ball, location: 2F 0-2: Ball 1-2: Strikes out looking
|
Top of the 3rd over - 0 runs, 0 hits, 0 errors, 0 left on base; University of Miami 0 - California State University at Fullerton 0 |
BOTTOM OF THE 3RD |
California State University at Fullerton Titans batting - Pitching for University of Miami Hurricanes : LHP Oscar Chavez
|
Batting: RHB Jeremy Evans
|
0-0: Foul Ball, location: 2F 0-1: Foul Ball, location: 2F 0-2: Strikes out swinging
|
Batting: RHB Zach Warwick
|
0-0: Swinging Strike 0-1: Called Strike 0-2: Ball 1-2: Ball 2-2: Foul Ball, location: 2F 2-2: Ball 3-2: Foul Ball, location: 2F 3-2: Strikes out swinging
|
Batting: LHB Steve Lane
|
0-0: Called Strike 0-1: Called Strike 0-2: Ball 1-2: Ball 2-2: Foul Ball, location: 2F 2-2: Foul Ball, location: 2F 2-2: SOLO HOME RUN (Flyball, 89XD, EV 100.6 MPH), Distance : 420 ft
|
Batting: RHB Sergio Cervantes
|
0-0: Ball 1-0: Swinging Strike 1-1: SINGLE (Groundball, 6MD, EV 106.9 MPH)
|
Batting: RHB Joe McKinzie
|
0-0: Foul Ball, location: 2F 0-1: Ball 1-1: Ball 2-1: Ball 3-1: Base on Balls Sergio Cervantes to second
|
Batting: LHB John Blumberg
|
0-0: Ball 1-0: Ball 2-0: Foul Ball, location: 2F 2-1: SINGLE (Groundball, 4MD, EV 102.5 MPH) Sergio Cervantes to third Joe McKinzie to second Runner from 3rd tries for Home, SAFE, throw by CF to home
|
Batting: LHB B.J. Ferguson
|
0-0: Called Strike 0-1: Foul Ball, location: 2F 0-2: Hit by Pitch Joe McKinzie to third John Blumberg to second
|
Batting: RHB Simon Sultzbach
|
0-0: Ball 1-0: Ball 2-0: Ball 3-0: Called Strike 3-1: Called Strike 3-2: Base on Balls Joe McKinzie scores John Blumberg to third B.J. Ferguson to second
|
Pitching: LHP Bert Anderson
|
|
Batting: RHB Alex Freyre
|
0-0: Foul Ball, location: 2F 0-1: Ball 1-1: Ball 2-1: Called Strike 2-2: Foul Ball, location: 2F 2-2: Ball 3-2: Base on Balls John Blumberg scores B.J. Ferguson to third Simon Sultzbach to second
|
Batting: RHB Jeremy Evans
|
0-0: Called Strike 0-1: Swinging Strike 0-2: Strikes out swinging
|
Bottom of the 3rd over - 4 runs, 3 hits, 0 errors, 3 left on base; University of Miami 0 - California State University at Fullerton 4 |
TOP OF THE 4TH |
University of Miami Hurricanes batting - Pitching for California State University at Fullerton Titans : RHP John Woods
|
Batting: RHB Sam Costello
|
0-0: Swinging Strike 0-1: Ground out 5-3 (Groundball, 56, EV 110.0 MPH)
|
Batting: LHB Addergoole Kartosuwiryo
|
0-0: Swinging Strike 0-1: Foul Ball, location: 2F 0-2: Ball 1-2: Ball 2-2: Fly out, F9 (Line Drive, 89M, EV 91.9 MPH)
|
Batting: RHB Chris Zubia
|
0-0: Ground out 1-3 (Groundball, 15S, EV 65.6 MPH)
|
Top of the 4th over - 0 runs, 0 hits, 0 errors, 0 left on base; University of Miami 0 - California State University at Fullerton 4 |
BOTTOM OF THE 4TH |
California State University at Fullerton Titans batting - Pitching for University of Miami Hurricanes : LHP Bert Anderson
|
Batting: RHB Zach Warwick
|
0-0: Ball 1-0: Ball 2-0: Ball 3-0: Base on Balls
|
Batting: LHB Steve Lane
|
0-0: Called Strike 0-1: Foul Ball, location: 2F 0-2: Foul Ball, location: 2F 0-2: Ball 1-2: Ball 2-2: Strikes out swinging
|
Batting: RHB Sergio Cervantes
|
0-0: Ball Zach Warwick steals 2nd base (no throw) 1-0: Foul Ball, location: 2F 1-1: Swinging Strike 1-2: Strikes out swinging
|
Batting: RHB Joe McKinzie
|
0-0: Ball 1-0: Ball 2-0: Ball 3-0: Ground out 6-3 (Groundball, 6M, EV 81.2 MPH)
|
Bottom of the 4th over - 0 runs, 0 hits, 0 errors, 1 left on base; University of Miami 0 - California State University at Fullerton 4 |
TOP OF THE 5TH |
University of Miami Hurricanes batting - Pitching for California State University at Fullerton Titans : RHP John Woods
|
Batting: RHB Luis Sanchez
|
0-0: Reached on error, E3 (Groundball, 3S, EV 90.6 MPH)
|
Batting: SHB Taylor Shelton
|
0-0: Swinging Strike Luis Sanchez is caught stealing 2nd base 2-6 0-1: Ball 1-1: Foul Ball, location: 2F 1-2: Ball 2-2: Foul Ball, location: 2F 2-2: SINGLE (Line Drive, 7S, EV 111.2 MPH)
|
Batting: LHB Dennis Jones
|
0-0: Called Strike Taylor Shelton is caught stealing 2nd base 2-6 0-1: Foul Ball, location: 2F 0-2: Ball 1-2: Foul Ball, location: 2F 1-2: Ball 2-2: Foul Ball, location: 2F 2-2: Ball 3-2: Fly out, F9 (Flyball, 9S, EV 86.9 MPH)
|
Top of the 5th over - 0 runs, 1 hit, 1 error, 0 left on base; University of Miami 0 - California State University at Fullerton 4 |
BOTTOM OF THE 5TH |
California State University at Fullerton Titans batting - Pitching for University of Miami Hurricanes : LHP Bert Anderson
|
Batting: LHB John Blumberg
|
0-0: Ball 1-0: Foul Ball, location: 2F 1-1: Ball 2-1: Fly out, F7 (Flyball, 7LMF, EV 93.1 MPH)
|
Batting: LHB B.J. Ferguson
|
0-0: Swinging Strike 0-1: Ball 1-1: Swinging Strike 1-2: Ball 2-2: Strikes out looking
|
Batting: RHB Simon Sultzbach
|
0-0: Swinging Strike 0-1: Ball 1-1: Fly out, F9 (Flyball, 89S, EV 76.2 MPH)
|
Bottom of the 5th over - 0 runs, 0 hits, 0 errors, 0 left on base; University of Miami 0 - California State University at Fullerton 4 |
TOP OF THE 6TH |
University of Miami Hurricanes batting - Pitching for California State University at Fullerton Titans : RHP John Woods
|
Batting: LHB Jose Lopez
|
0-0: Ball 1-0: Foul Ball, location: 2F 1-1: Swinging Strike 1-2: Ball 2-2: Foul Ball, location: 2F 2-2: Foul Ball, location: 2F 2-2: Ground out U3 (Groundball, 13, EV 81.9 MPH)
|
Pitching: RHP Jordan Vasquez
|
|
Batting: LHB Juan Zuniga
|
0-0: Ball 1-0: Ball 2-0: TRIPLE (Flyball, 9LD, EV 95.0 MPH)
|
Batting: RHB C.J. Fleet
|
0-0: Called Strike 0-1: Ball 1-1: Swinging Strike 1-2: Strikes out swinging
|
Batting: RHB Sam Costello
|
0-0: Foul Ball, location: 2F 0-1: Ground out 4-3 (Groundball, 13, EV 80.6 MPH)
|
Top of the 6th over - 0 runs, 1 hit, 0 errors, 1 left on base; University of Miami 0 - California State University at Fullerton 4 |
BOTTOM OF THE 6TH |
California State University at Fullerton Titans batting - Pitching for University of Miami Hurricanes : LHP Bert Anderson
|
Batting: RHB Alex Freyre
|
0-0: Fly out, F8 (Line Drive, 8LM, EV 91.2 MPH)
|
Batting: RHB Jeremy Evans
|
0-0: Ball 1-0: Called Strike 1-1: Ball 2-1: Foul Ball, location: 2F 2-2: Ball 3-2: Ground out U3 (Groundball, 34S, EV 71.2 MPH)
|
Batting: RHB Zach Warwick
|
0-0: Called Strike 0-1: Ground out 4-3 (Groundball, 4, EV 76.2 MPH)
|
Bottom of the 6th over - 0 runs, 0 hits, 0 errors, 0 left on base; University of Miami 0 - California State University at Fullerton 4 |
TOP OF THE 7TH |
University of Miami Hurricanes batting - Pitching for California State University at Fullerton Titans : RHP Jordan Vasquez
|
Pitching: RHP Patrick Wilcox
|
|
Batting: LHB Addergoole Kartosuwiryo
|
0-0: Called Strike 0-1: Ball 1-1: Ball 2-1: Foul Ball, location: 2F 2-2: Ball 3-2: Strikes out looking
|
Batting: RHB Chris Zubia
|
0-0: Foul Ball, location: 2F 0-1: Foul Ball, location: 2F 0-2: Ball 1-2: Foul Ball, location: 2F 1-2: Ball 2-2: Ball 3-2: DOUBLE (Flyball, 8LXD, EV 110.0 MPH)
|
Batting: RHB Drew Morgenstern
|
0-0: Called Strike 0-1: Ball 1-1: Foul Ball, location: 2F 1-2: Ball 2-2: Foul Ball, location: 2F 2-2: Foul Ball, location: 2F 2-2: Ball 3-2: Foul Ball, location: 2F 3-2: Foul Ball, location: 2F 3-2: Strikes out swinging
|
Batting: SHB Taylor Shelton
|
0-0: Fly out, F8 (Flyball, 8RD, EV 101.9 MPH)
|
Top of the 7th over - 0 runs, 1 hit, 0 errors, 1 left on base; University of Miami 0 - California State University at Fullerton 4 |
BOTTOM OF THE 7TH |
California State University at Fullerton Titans batting - Pitching for University of Miami Hurricanes : LHP Bert Anderson
|
Pitching: RHP Wakina Olopoto
|
|
Batting: LHB Steve Lane
|
0-0: Ground out 6-3 (Groundball, 6, EV 103.8 MPH)
|
Batting: RHB Sergio Cervantes
|
0-0: Ball 1-0: Ball 2-0: Fly out, F7 (Flyball, 78S, EV 78.1 MPH)
|
Batting: RHB Joe McKinzie
|
0-0: Ground out 6-3 (Groundball, 6, EV 110.6 MPH)
|
Bottom of the 7th over - 0 runs, 0 hits, 0 errors, 0 left on base; University of Miami 0 - California State University at Fullerton 4 |
TOP OF THE 8TH |
University of Miami Hurricanes batting - Pitching for California State University at Fullerton Titans : RHP Patrick Wilcox
|
Pitching: RHP John Case
|
|
Batting: LHB Dennis Jones
|
0-0: Ball 1-0: Swinging Strike 1-1: Swinging Strike 1-2: Fly out, F8 (Flyball, 8RD, EV 91.9 MPH)
|
Batting: LHB Jose Lopez
|
0-0: Foul Ball, location: 2F 0-1: Ball 1-1: Ball 2-1: Swinging Strike 2-2: Ball 3-2: Ground out U3 (Groundball, 34S, EV 65.6 MPH)
|
Batting: LHB Juan Zuniga
|
0-0: Ball 1-0: Foul Ball, location: 2F 1-1: Swinging Strike 1-2: Ball 2-2: Ball 3-2: Foul Ball, location: 2F 3-2: Strikes out swinging
|
Top of the 8th over - 0 runs, 0 hits, 0 errors, 0 left on base; University of Miami 0 - California State University at Fullerton 4 |
BOTTOM OF THE 8TH |
California State University at Fullerton Titans batting - Pitching for University of Miami Hurricanes : RHP Wakina Olopoto
|
Batting: LHB John Blumberg
|
0-0: Ball 1-0: DOUBLE (Flyball, 78XD, EV 97.5 MPH)
|
Batting: LHB B.J. Ferguson
|
0-0: Swinging Strike 0-1: Foul Ball, location: 2F 0-2: Ground out 4-3 (Groundball, 34, EV 85.6 MPH) John Blumberg to third
|
Batting: RHB Simon Sultzbach
|
0-0: Called Strike 0-1: SINGLE (Groundball, 56D, EV 96.2 MPH) John Blumberg scores
|
Batting: RHB Alex Freyre
|
0-0: Ball 1-0: Ball 2-0: SINGLE (Line Drive, 6D, EV 104.4 MPH) Simon Sultzbach to second
|
Batting: RHB Jeremy Evans
|
0-0: Ball 1-0: Ball 2-0: Called Strike 2-1: Fly out, F8 (Flyball, 8LM, EV 88.8 MPH)
|
Batting: RHB Zach Warwick
|
0-0: Ball 1-0: Ball 2-0: Ball 3-0: Called Strike 3-1: Called Strike 3-2: Fly out, F8 (Flyball, 8LD, EV 92.5 MPH)
|
Bottom of the 8th over - 1 run, 3 hits, 0 errors, 2 left on base; University of Miami 0 - California State University at Fullerton 5 |
TOP OF THE 9TH |
University of Miami Hurricanes batting - Pitching for California State University at Fullerton Titans : RHP John Case
|
Pinch Hitting: RHB Leonardo Morales
|
0-0: Ball 1-0: Called Strike 1-1: Ball 2-1: Ball 3-1: Fly out, F4 (Popup, 4, EV 55.0 MPH)
|
Batting: RHB Sam Costello
|
0-0: Ball 1-0: Ball 2-0: Foul Ball, location: 2F 2-1: Foul Ball, location: 2F 2-2: Ground out 4-3 (Groundball, 4, EV 97.5 MPH)
|
Batting: LHB Addergoole Kartosuwiryo
|
0-0: Swinging Strike 0-1: Swinging Strike 0-2: Foul Ball, location: 2F 0-2: Foul Ball, location: 2F 0-2: Strikes out swinging
|
Top of the 9th over - 0 runs, 0 hits, 0 errors, 0 left on base; University of Miami 0 - California State University at Fullerton 5 |
|